Unix NetHack Version 5.0.0-0 post-release - last build May 10 2026 23:12:36 (d1fa5d53e341ca933230fdaa984d921c805b60aa,branch:main).

Game began 2026-05-15 21:14:35, ended 2026-05-15 21:28:35.

ArrBianca, lawful female human Valkyrie

      -------
      |.....|                                                      -------
      |.....|                                                      |.....|
      |.....|                                                      ....>.|
      |.....|                   #############@#    ------------    |.....|
      ----.--                ####             a    |..........|    |.....|
          #                 ##                %####..<........|    |.....|
          #                ##           ......##   |..........-#   -.-----
          ##              ##           ---....     ------.-.---     #
           #             ##              |...              #        #
           ##            %               |C..              #        #
            ##          ##               |..               #        #
       ------|---   #####                ...               #        #
       |........|####                   ...              --.--------.--
       |........-#                     ....              .*...........|
       |........|                     -----              +...)..).....|
       ----------                                        |.....)......|
                                                         --------------

ArrBianca the Skirmisher    St:14 Dx:16 Co:18 In:7 Wi:9 Ch:9  Lawful
Dlvl:6  $:236 HP:0(51) Pw:15(15) AC:10 Xp:5 T:2683  Burdened

Latest messages:
 The straw golem hits again!
 You hit the straw golem!
 The straw golem hits!
 The straw golem hits again!
 You destroy the straw golem!
 You hear snoring snakes.
 Someone stole a golden potion.
 You attack thin air.
 The bat bites!
 The bat bites!
 You miss the bat.
 The bat bites!
 You kill the bat!
 The bat bites!
 The bat bites!
 You kill the bat!
 You have a little trouble lifting L - a granite ring.
 You see here a bat corpse.
 You see here a bat corpse.
 You kill the bat!
 You kill the gnome!
 You see here a gnome corpse.
 The newt bites!
 You kill the newt!
 You see here a gnome corpse.
 You see here a gnome corpse.
 The fox bites!
 The fox bites!
 You kill the fox!
 You hit the dog.
 The dog bites!
 The dog bites!
 You hit the dog!
 The dog bites!
 The dog bites!
 You hit the dog!
 The dog bites!
 You hit the dog.
 The dog bites!
 The dog bites!
 The dog bites!
 You kill the dog!
 The killer bee stings!
 You miss the killer bee.
 The killer bee stings!
 The killer bee stings!
 The killer bee stings!
 The killer bee stings!
 You die...
 Do you want an account of creatures vanquished? [ynaq] (y) q

Inventory:
 Coins    ('$')
  $ - 236 gold pieces
 Weapons  (')')
  z - 4 +0 darts
  b - 5 +0 daggers (alternate weapons; not wielded)
  a - a +1 spear (weapon in right hand)
 Armor    ('[')
  h - an uncursed +0 orcish helm
  v - an uncursed +0 orcish helm
  t - a cursed +0 orcish chain mail
  H - an uncursed +0 scale mail
 Comestibles  ('%')
  d - an uncursed food ration
  j - 4 uncursed tripe rations
  o - a cursed tripe ration
  u - a cursed rotten tin of giant rat meat
  F - an uncursed giant ant egg
  q - an uncursed lichen corpse
 Scrolls  ('?')
  f - an uncursed scroll of enchant armor
  w - an uncursed scroll of food detection
  l - 2 uncursed scrolls of identify
  x - an uncursed scroll of remove curse
 Potions  ('!')
  B - 2 uncursed potions of healing
  n - a cursed potion of invisibility
 Rings    ('=')
  L - an uncursed +0 ring of increase damage
  p - an uncursed -1 ring of protection
  G - an uncursed ring of see invisible
  E - an uncursed ring of warning
 Wands    ('/')
  C - a wand of digging (0:5)
  m - a wand of make invisible (0:7)
 Tools    ('(')
  r - an uncursed lock pick
  s - a cursed skeleton key
 Gems/Stones  ('*')
  D - an uncursed worthless piece of black glass

ArrBianca the Valkyrie's attributes:

Background:
 You were a Skirmisher, a level 5 human Valkyrie.
 You were lawful, nominally on a mission for Tyr
 who was opposed by Odin (neutral) and Loki (chaotic).
 You were right-handed.
 You were in the Dungeons of Doom, on level 6.
 You entered the dungeon 2683 turns ago.
 You had 238 experience points, 82 more were needed to attain level 6.

Basics:
 You had 0 out of 51 hit points.
 You had all 15 energy points (spell power).
 Your armor class was 10.
 Your wallet contained 236 zorkmids.
 Autopickup was on for '$?!/="+%' plus thrown, with exceptions.

Final Characteristics:
 Your strength was 14 (limit:18/100).
 Your dexterity was 16 (limit:18).
 Your constitution was 18 (limit:18).
 Your intelligence was 7 (limit:18).
 Your wisdom was 9 (limit:18).
 Your charisma was 9 (limit:18).

Final Status:
 You weren't hungry.
 You were burdened; movement was slightly slowed.
 You were wielding a spear.
 You were skilled in spear.
 You weren't wearing any armor.

Final Attributes:
 You were piously aligned.
 You were cold resistant.
 You were poison resistant.
 You were stealthy.
 You are dead.

Miscellaneous:
 You encountered 1 bones level.
 Total elapsed playing time was 14 minutes.

Major events:
 Turn
    1: ArrBianca the lawful human Valkyrie entered the dungeon
  811: attained the rank of Skirmisher (level 3)
 2321: entered the Gnomish Mines
 2683: killed by a killer bee

You didn't know any spells.

Skills:
 Fighting Skills
   bare handed combat [Unskilled]
   two weapon combat  [Unskilled]
   riding             [Unskilled]
 Weapon Skills
   dagger             [Basic]
   axe                [Unskilled]
   pick-axe           [Unskilled]
   short sword        [Unskilled]
   broadsword         [Unskilled]
   long sword         [Unskilled]
   two-handed sword   [Unskilled]
   saber              [Unskilled]
   hammer             [Unskilled]
   quarterstaff       [Unskilled]
   polearms           [Unskilled]
   spear              [Skilled]
   trident            [Unskilled]
   lance              [Unskilled]
   sling              [Unskilled]
 Spellcasting Skills
   attack spells      [Unskilled]
   escape spells      [Unskilled]

Voluntary challenges:
 Character rerolling was not enabled.
 You were an atheist.
 You never had a pet.
 You never genocided any monsters.
 You never polymorphed an object.
 You used no wishes.
Achievements:
 You entered a shop.
 You attained the rank of Skirmisher.
 You entered the Gnomish Mines.

 The Dungeons of Doom: levels 1 to 6
    Level 1:
    Level 2:
    Level 3:
       A general store, a fountain.
       Stairs down to The Gnomish Mines.
    Level 4:
       A general store.
    Level 5:
       A sink.
    Level 6: <- You were here.
       Final resting place for
          you, killed by a killer bee,
          ArrBianca-Val-Hum-Fem-Law, poisoned by a rotted killer bee corpse.
 The Gnomish Mines:
    Level 4:


Vanquished creatures:
  a small mimic
  a dog
  a straw golem
  a kitten
  3 iguanas
  2 coyotes
  a hobgoblin
  3 giant rats
  a cave spider
  2 red molds
  4 gnomes
  2 geckos
  3 jackals
  3 foxes
  2 kobolds
  3 goblins
  a sewer rat
  4 grid bugs
  5 bats
  a lichen
  5 newts
49 creatures vanquished.

No species were genocided or became extinct.

Game over:
                       ----------
                      /          \
                     /    REST    \
                    /      IN      \
                   /     PEACE      \
                  /                  \
                  |    ArrBianca     |
                  |      236 Au      |
                  |   killed by a    |
                  |    killer bee    |
                  |                  |
                  |                  |
                  |       2026       |
                 *|     *  *  *      | *
        _________)/\\_//(\/(/\)/\//\/|_)_______

Farvel ArrBianca the Valkyrie...

You died in The Dungeons of Doom on dungeon level 6 with 1415 points,
and 236 pieces of gold, after 2683 moves.
You were level 5 with a maximum of 51 hit points when you died.

